Map: Simulacrum LE

Players

Bomber

  • Race: Terran Terran
  • Spawn Location: 11:00

DRG - Winner!

  • Race: Zerg Zerg
  • League: Master
  • Spawn Location: 5:00

VOD

Have the link to the VOD?

Description

Time

  • Played on: Jan. 15, 2020, 6:13 a.m.
  • Length: 10:09
Show
View Real Time Build Order
Export as new Build Order

Bomber Terran 

Build Orders: Reaper Expand 

Get SALT Encoding   

  12  0:00  SCV  
  13  0:12  SCV  
  14  0:17  Supply Depot  
  14  0:25  SCV  
  15  0:38  SCV  
  15  0:40  Barracks  
  16  0:44  Refinery  
  16  0:51  SCV  
  17  1:03  SCV  
  18  1:15  SCV  
  19  1:27  Reaper, Orbital Command  
  20  1:39  Command Center  
  20  1:48  Supply Depot  
  20  1:53  SCV  
  21  1:59  Marine  
  22  2:05  SCV  
  22  2:06  Factory  
  23  2:12  Refinery  
  23  2:17  SCV  
  23  2:22  Barracks Reactor  
  24  2:29  SCV  
  25  2:41  SCV  
  26  2:50  Starport  
  26  2:51  Orbital Command  
  26  2:53  SCV  
  26  2:57  Supply Depot  
  27  3:02  Hellion  
  27  3:04  Hellion, Barracks Tech Lab  
  27  3:05  SCV  
  32  3:18  SCV  
  32  3:19  SCV  
  34  3:24  Marine, Stimpack  
  35  3:29  Viking  
  35  3:31  SCV x2  
  39  3:36  Hellion x2  
  43  3:43  SCV  
  43  3:45  Supply Depot  
  43  3:46  SCV  
  45  3:54  Marine  
  46  3:55  SCV  
  46  3:58  SCV  
  48  4:07  SCV  
  48  4:08  Starport Reactor, Command Center  
  49  4:10  Factory Tech Lab  
  49  4:12  Marine  
  49  4:14  SCV  
  51  4:20  SCV  
  51  4:22  Engineering Bay  
  51  4:23  Barracks  
  52  4:26  SCV  
  52  4:30  Marine  
  54  4:31  Siege Tank  
  54  4:32  SCV  
  59  4:38  SCV  
  59  4:44  SCV  
  60  4:46  Supply Depot  
  60  4:48  Marine  
  60  4:50  SCV, Terran Infantry Weapons Level 1  
  60  4:52  Refinery  
  62  4:53  Refinery  
  62  4:58  Starport Reactor  
  62  4:59  Barracks  
  62  5:08  SCV x2, Siege Tank  
  62  5:09  Supply Depot  
  67  5:15  Marine x3, Combat Shield  
  67  5:20  SCV x2, Orbital Command  
  72  5:32  SCV  
  72  5:33  Marine, Supply Depot  
  74  5:37  Marine  
  74  5:38  Marine, Medivac  
  74  5:39  Medivac  
  80  5:43  Barracks  
  80  5:44  Barracks  
  80  5:45  SCV x2  
  82  5:50  Supply Depot  
  82  5:51  Orbital Command  
  82  5:55  Siege Tank  
  85  5:57  SCV  
  85  5:58  SCV, Supply Depot  
  85  6:00  Marine x2  
  85  6:02  Marine x3  
  92  6:15  SCV x2  
  92  6:16  SCV  
  95  6:18  Marine  
  95  6:25  Marine, Barracks  
  96  6:26  Marine x2, Supply Depot  
  96  6:27  SCV  
  96  6:28  SCV  
  101  6:33  Barracks Reactor x2  
  101  6:34  Siege Tank  
  101  6:35  SCV, Supply Depot  
  101  6:36  Supply Depot  
  101  6:39  Barracks  
  104  6:41  Marine x2  
  104  6:44  Terran Infantry Armor Level 1  
  104  6:46  Marine x3  
  103  6:50  Medivac x2  
  103  6:53  SCV  
  107  6:57  Supply Depot  
  107  6:58  Supply Depot  
  107  6:59  Marine x2  
  109  7:04  Marine  
  109  7:05  Marine x2  
  112  7:08  Siege Tank  
  112  7:09  Marine x2  
  112  7:11  SCV  
  118  7:16  Marine x2  
  118  7:17  Marine x2, Supply Depot  
  118  7:22  Marine  
  124  7:23  Marine x2  
  124  7:25  Medivac x2  
  124  7:27  Marine x2, Barracks Reactor  
  124  7:28  Barracks Reactor  
  131  7:34  Marine x4  
  131  7:35  Supply Depot  
  135  7:40  Marine x2  
  135  7:41  Marine  
  138  7:45  Marine x2  
  138  7:47  Siege Tank  
  143  7:52  Marine x4, Supply Depot x2  
  143  7:57  Marine  
  148  7:58  Marine  
  148  7:59  Marine  
  148  8:03  Marine x2  
  69  8:05  Medivac x2  
  152  8:06  Marine x4  
  152  8:09  Marine  
  152  8:10  Missile Turret  
  152  8:11  Marine, Missile Turret  
  152  8:12  Marine  
  162  8:13  Marine  
  162  8:15  Marine  
  162  8:16  Marine x2  
  164  8:20  Marine  
  164  8:21  Marine  
  164  8:22  Siege Tank  
  164  8:24  Marine x4  
  173  8:27  Marine  
  173  8:32  Marine x2  
  176  8:35  Marine  
  176  8:36  Marine x3  
  176  8:38  Marine  
  176  8:41  Marine x2  
  180  8:44  Marine x2  
  180  8:45  Marine  
  180  8:46  Marine  
  183  8:50  Marine  
  183  8:53  Marine x2  
  183  8:54  Marine, Siege Tank  
  183  8:55  Marine x2  
  177  8:56  Marine  
  177  8:58  Marine  
  177  9:02  Marine x3  
  154  9:07  Marine x2  
  154  9:08  Marine  
  154  9:12  Orbital Command  
  154  9:13  Marine  
  155  9:17  Marine  
  155  9:18  Marine  
  155  9:19  Marine x2  
  155  9:23  Marine  
  158  9:25  Marine  
  158  9:27  Marine  
  158  9:32  Marine x2  
  158  9:36  Marine  
  158  9:38  Marine  
  162  9:40  Marine  
  162  9:43  Marine  
  162  9:44  Marine  
  163  9:46  Marine  
  163  9:49  Marine  
Show
View Real Time Build Order
Export as new Build Order

DRG Zerg - Winner!

Build Orders: Hatch First, Muta Ling Bane 

Get SALT Encoding   

  12  0:00  Drone  
  13  0:12  Overlord  
  13  0:16  Drone  
  14  0:30  Drone x2  
  16  0:48  Hatchery  
  15  0:51  Drone  
  15  0:54  Drone  
  17  0:58  Drone  
  18  1:08  Extractor  
  17  1:13  Spawning Pool  
  17  1:17  Drone  
  17  1:20  Drone  
  18  1:28  Drone  
  19  1:39  Drone  
  20  1:50  Drone  
  21  2:00  Queen x2  
  21  2:01  Zergling x4  
  27  2:10  Overlord  
  27  2:11  Drone  
  28  2:24  Hatchery  
  28  2:27  Drone  
  28  2:31  Drone  
  28  2:33  Metabolic Boost  
  28  2:36  Drone  
  30  2:40  Drone  
  31  2:45  Queen  
  33  2:51  Overlord  
  33  2:54  Drone  
  33  2:56  Drone  
  35  2:58  Drone  
  35  3:05  Overlord  
  36  3:10  Drone x3  
  36  3:12  Drone  
  40  3:16  Drone  
  41  3:20  Queen  
  41  3:25  Queen  
  45  3:28  Drone x2  
  47  3:34  Drone  
  47  3:36  Queen  
  50  3:43  Drone x4  
  50  3:47  Zergling x4  
  56  3:50  Overlord  
  56  3:54  Overlord  
  56  3:57  Drone x2  
  58  4:06  Overlord  
  58  4:08  Drone  
  58  4:09  Drone x2  
  62  4:10  Drone x2  
  63  4:18  Overlord  
  63  4:19  Zergling x2  
  63  4:23  Drone x2  
  66  4:29  Evolution Chamber  
  66  4:30  Extractor, Evolution Chamber  
  63  4:31  Drone x3  
  63  4:37  Drone x2  
  63  4:38  Drone x3  
  71  4:39  Drone  
  71  4:43  Spore Crawler  
  71  4:46  Overlord  
  71  4:48  Drone x2  
  71  4:49  Drone  
  71  4:50  Overlord  
  74  4:54  Spore Crawler  
  74  4:55  Zerg Melee Weapons Level 1  
  74  4:56  Zerg Ground Armor Level 1  
  73  5:01  Extractor, Overlord  
  73  5:03  Drone x2  
  73  5:05  Drone x4  
  78  5:09  Drone  
  78  5:10  Drone  
  78  5:11  Drone x3  
  78  5:13  Lair  
  83  5:17  Drone  
  83  5:19  Drone  
  85  5:23  Extractor, Drone x4, Baneling Nest  
  85  5:26  Extractor  
  86  5:30  Extractor  
  86  5:35  Zergling x8  
  89  5:38  Zergling x2  
  89  5:39  Zergling x2  
  89  5:40  Hatchery  
  90  5:45  Zergling x6  
  93  5:52  Drone  
  93  5:54  Drone  
  93  5:55  Zergling x6  
  98  5:57  Overlord  
  98  5:58  Overlord  
  98  6:08  Baneling x5, Overlord  
  98  6:09  Overlord x2  
  98  6:11  Centrifical Hooks  
  98  6:12  Spire  
  98  6:18  Zergling x6  
  99  6:34  Drone x9  
  108  6:44  Zergling x14  
  109  6:48  Zergling x2  
  109  6:54  Hatchery, Zerg Melee Weapons Level 2, Zerg Ground Armor Level 2  
  110  6:59  Overlord x2  
  108  7:16  Zergling x14  
  115  7:23  Mutalisk x8  
  115  7:24  Mutalisk  
  115  7:25  Zergling x8  
  115  7:27  Baneling x2  
  115  7:28  Overlord x2  
  137  7:32  Zergling x8  
  137  7:34  Baneling x4  
  137  7:36  Zergling x2  
  142  7:41  Zergling x6  
  145  7:46  Baneling x8  
  145  7:47  Baneling  
  145  7:50  Zergling x2  
  146  7:52  Zergling x4  
  146  7:54  Baneling x5  
  146  7:55  Zergling x14, Hatchery  
  154  7:59  Zergling x10  
  154  8:01  Zergling x4  
  161  8:09  Zergling x10  
  166  8:16  Zergling x6  
  169  8:20  Baneling x12  
  169  8:26  Zergling x2  
  169  8:27  Zergling x12  
  174  8:31  Zergling x22  
  180  8:35  Zergling x2  
  181  8:46  Baneling  
  181  8:53  Zergling x18  
  177  9:00  Zergling x16  
  161  9:03  Zergling x2  
  161  9:04  Zergling x2  
  144  9:10  Zergling x2  
  144  9:14  Baneling x16  
  144  9:15  Zergling x8  
  148  9:17  Baneling  
  148  9:18  Baneling x9  
  148  9:20  Queen  
  148  9:21  Zergling x8  
  154  9:26  Zergling x6  
  154  9:30  Baneling x5  
  154  9:31  Baneling x6  
  155  9:32  Zergling x6  
  155  9:37  Zergling x6  
  160  9:41  Zergling x2  
  160  9:42  Zergling x2  
  160  9:44  Overlord x2  
Tags
 
Add a new tag
Caveats
  • Supply blocks, unpowered buildings, or Contaminate may cause inaccurate times.
  • Supply counts are checked every 10 seconds.